 Dungeon Crawl Stone Soup version 0.25.1-8-g42b30a86e7 (webtiles) character file.

Game seed: 12788910933580350348

882 Araneus the Cudgeler (level 7, -3/52 HPs)
             Began as a Demonspawn Fighter on Dec 2, 2020.
             Was a Follower of Okawaru.
             Slain by an orc warrior
             ... wielding a +0 mace
              (14 damage)
             ... on level 6 of the Dungeon.
             The game lasted 00:15:15 (5939 turns).

Araneus the Cudgeler (Demonspawn Fighter)           Turns: 5939, Time: 00:15:16

Health: -3/52      AC:  7    Str: 24    XL:     7   Next: 76%
Magic:  0/9        EV:  7    Int:  8    God:    Okawaru [*.....]
Gold:   238        SH: 14    Dex: 12    Spells: 6/6 levels left

rFire    + . .     SeeInvis .   a - +0 flail
rCold    + . .     Gourm    .   c - +0 kite shield
rNeg     . . .     Faith    .   p - +1 scale mail "Xous" {Str+6 Int-2}
rPois    .         Spirit   +   (helmet restricted)
rElec    .         Reflect  +   (no cloak)
rCorr    .         Harm     .   (no gloves)
MR       .....                  (no boots)
Stlth    ..........             q - amulet of reflection
HPRegen  0.17/turn              x - ring of protection from fire
MPRegen  0.22/turn              r - ring of protection from cold

@: slowed, very slow
A: antennae 1, magic shield, magic regeneration
a: Heroism, Renounce Religion


You were on level 6 of the Dungeon.
You worshipped Okawaru.
Okawaru was aware of your devotion.
You were hungry.

You visited 1 branch of the dungeon, and saw 6 of its levels.

You collected 238 gold pieces.

Inventory:

Hand Weapons
 a - a +0 flail (weapon)
Armour
 c - a +0 kite shield (worn)
 p - the +1 scale mail "Xous" (worn) {Str+6 Int-2}
   (You found it on level 5 of the Dungeon)

   It affects your strength (+6).
   It affects your intelligence (-2).
Jewellery
 g - an uncursed amulet of regeneration
 q - an amulet of reflection (around neck)
 r - a ring of protection from cold (right hand)
 x - a ring of protection from fire (left hand)
Wands
 d - a wand of acid (13)
 v - a wand of iceblast (9)
Scrolls
 k - a scroll of fear {unknown}
 l - 3 scrolls of remove curse
 m - a scroll of amnesia {unknown}
 o - 5 scrolls of identify
 s - a scroll of random uselessness {unknown}
 t - 3 scrolls of teleportation
 w - 2 scrolls of enchant weapon {unknown}
Potions
 e - a potion of flight
 i - a potion of degeneration {unknown}
 j - 3 potions of curing
 u - 3 potions of brilliance
Comestibles
 f - 6 rations


   Skills:
 - Level 3.0 Fighting
 * Level 7.9 Maces & Flails
 - Level 2.6 Armour
 - Level 2.6 Shields
 * Level 3.1 Invocations


You had 6 spell levels left.
You didn't know any spells.
Your spell library contained the following spells:

 Spells                   Type           Power        Failure   Level  Hunger
 Magic Dart               Conj           #...         99%         1    ##.....
 Blink                    Tloc           N/A          100%        2    ###....
 Call Imp                 Summ           #.......     100%        2    ###....
 Slow                     Hex            #.......     100%        2    ###....
 Conjure Flame            Conj/Fire      #.......     100%        3    ####...
 Mephitic Cloud           Conj/Pois/Air  #.......     100%        3    ####...


Dungeon Overview and Level Annotations

Branches:
Dungeon (6/15)
 Temple: D:4-7

Altars:
Ashenzari
Dithmenos
Okawaru
Trog
Vehumet
Beogh


Innate Abilities, Weirdness & Mutations

You have a pair of small antennae on your head.
When hurt, damage is shared between your health and your magic reserves.
You regenerate magic rapidly.


Message History

The orc wizard barely misses you.
The orc warrior hits you with a +0 mace.
You closely miss the orc wizard.
The orc wizard is almost dead.
The orc wizard points at you and mumbles some strange words.
You feel as though you will be slow longer.
You block the orc warrior's attack.
The orc wizard casts a spell.
The orc wizard blinks!
You closely miss the orc warrior.
The orc warrior is severely wounded.
The orc warrior hits you with a +0 mace!
* * * LOW HITPOINT WARNING * * *
The orc warrior hits you with a +0 mace!
* * * LOW HITPOINT WARNING * * *
The orc wizard points at you and mumbles some strange words.
You feel as though you will be slow longer.
You feel better.
The orc warrior hits you with a +0 mace!
You die...

## .#
######.###...
#oo@..o....#
#o######..##
.......Z# ...
o.....### .
...... .....
..... ....
....


You could see an orc warrior, an orc wizard and 2 orcs.

Vanquished Creatures
  A black bear (D:5)
  A phantom (D:5)
  2 ogres
  A scorpion (D:4)
  A howler monkey (D:4)
  A crimson imp (D:5)
  A centaur zombie (D:4)
  An orc priest (D:4)
  An orc wizard (D:5)
  An iguana (D:4)
  2 worker ants
  A hound zombie (D:5)
  4 gnolls (D:2)
  5 adders
  A shadow imp (D:5)
  2 oozes
  An adder skeleton (D:4)
  6 worms
  6 dart slugs
  4 leopard geckos
  13 orcs
  5 giant cockroaches
  6 hobgoblins
  12 jackals
  2 quokkas
  8 ball pythons
  8 bats
  4 frilled lizards
  3 goblins
  A jackal skeleton (D:4)
  4 kobolds
  2 leopard gecko skeletons (D:4)
  A leopard gecko zombie (D:5)
  5 rats
117 creatures vanquished.

Notes
Turn   | Place    | Note
-------+----------+-------------------------------------------
     0 | D:1      | Araneus the Demonspawn Fighter began the quest for the Orb.
     0 | D:1      | Reached XP level 1. HP: 18/18 MP: 1/1
    45 | D:1      | Reached skill level 2 in Maces & Flails
    72 | D:1      | Gained mutation: You have a pair of small antennae on your
                  | head. [demonic ancestry]
    72 | D:1      | Reached XP level 2. HP: 24/24 MP: 2/2
   656 | D:1      | Reached skill level 3 in Maces & Flails
   990 | D:1      | Found a roughly hewn altar of Beogh.
   990 | D:1      | Noticed an orc warrior
   992 | D:1      | Reached XP level 3. HP: 28/29 MP: 3/3
  1202 | D:2      | Found a bloodstained altar of Trog.
  1237 | D:2      | Reached skill level 4 in Maces & Flails
  1237 | D:2      | Gained mutation: When hurt, damage is shared between your
                  | health and your magic reserves. [demonic ancestry]
  1237 | D:2      | Reached XP level 4. HP: 9/35 MP: 4/4
  1624 | D:2      | Found an iron altar of Okawaru.
  1764 | D:2      | Became a worshipper of Warmaster Okawaru
  2483 | D:2      | HP: 1/35 [poisoned by an adder]
  2879 | D:2      | Gained mutation: You regenerate magic rapidly. [demonic
                  | ancestry]
  2879 | D:2      | Reached XP level 5. HP: 25/41 MP: 3/5
  3102 | D:3      | Reached skill level 1 in Invocations
  3348 | D:3      | Reached skill level 5 in Maces & Flails
  3928 | D:4      | Reached XP level 6. HP: 42/47 MP: 5/7
  4262 | D:4      | Reached skill level 6 in Maces & Flails
  4316 | D:4      | Found a shadowy altar of Dithmenos.
  4380 | D:4      | Reached * piety under Okawaru
  4621 | D:4      | You fall into a shaft and drop 1 floor!
  4621 | D:5      | Entered Level 5 of the Dungeon
  4636 | D:5      | Found a radiant altar of Vehumet.
  4638 | D:5      | Found a shattered altar of Ashenzari.
  4757 | D:5      | Reached skill level 7 in Maces & Flails
  4757 | D:5      | Reached XP level 7. HP: 48/52 MP: 8/8
  5334 | D:5      | Got a transparent scale mail
  5353 | D:5      | Identified the +1 scale mail "Xous" {Str+6 Int-2} (You
                  | found it on level 5 of the Dungeon)
  5938 | D:6      | HP: 1/52 [orc warrior/+0 mace (8)]
  5939 | D:6      | Slain by an orc warrior

Illustrated notes

Levels and vault maps discovered:
D:1:      erik_arrival_cave_to_civilisation [erik_arrival_cave_to_temple],
          layout_loops_corners, grunt_decor_one_mirror
D:2:      layout_loops_ring, old_standard_altar, old_standard_altar
D:3:      layout_rooms
D:4:      layout_basic, nicolae_dithmenos_through_a_glass_darkly
D:5:      layout_loops_ring, chequers_temple_overflow_statue_of_worship,
          first_ration
D:6:      layout_rooms, uniq_crazy_yiuf_cottage

Skill      XL: |  1  2  3  4  5  6  7 |
---------------+----------------------+-----
Maces & Flails | 2 3 4 5 7 |  7.9
Invocations    | 1 2 3 |  3.1
Fighting       | |  3.0
Armour         | |  2.6
Shields        | |  2.6

Action                   |  1- 3 |  4- 6 |  7- 9 || total
-------------------------+-------+-------+-------++-------
Melee: Flail             |    92 |   309 |   148 ||   549
  Use: Scroll            |       |     7 |       ||     7
       Potion            |       |     3 |     1 ||     4
  Eat: Chunk             |     1 |    11 |     4 ||    16
Armor: Scale mail        |    41 |   135 |    39 ||   215
Dodge: Dodged            |    25 |    82 |    24 ||   131
Block: Kite shield       |    43 |   188 |    84 ||   315
